 Dungeon Crawl Stone Soup version 0.16-a0-3855-gd2600ac (webtiles) character file.

530 timbw the Ducker (level 7, -9/51 (55) HPs)
             Began as a Human Assassin on Jan 31, 2015.
             Killed from afar by Edmund (13 damage)
             ... with a wand of frost
             ... on level 6 of the Dungeon.
             The game lasted 00:08:26 (1580 turns).

timbw the Ducker (Human Assassin)                   Turns: 1580, Time: 00:08:27

HP:   -9/51 (55)    AC:  4    Str: 11      XL:     7   Next: 48%
MP:   7/7           EV: 15    Int: 17      God:
Gold: 233           SH:  0    Dex: 15 (16) Spells: 0 memorised, 6 levels left

rFire  . . .     SeeInvis .     F - +2 morningstar (drain)
rCold  . . .     Clarity  .     l - +0 leather armour
rNeg   . . .     SustAb   .     (no shield)
rPois  .         Gourm    .     (no helmet)
rElec  .         Spirit   .     d - +0 cloak
rCorr  .         Warding  .     (no gloves)
rMut   .         Stasis   .     (no boots)
MR     .....                    (no amulet)
Stlth  ++........               n - ring of flight
                                o - +5 ring of intelligence

@: non-regenerating, mildly diseased, slowed, very slow, not resistant to
hostile enchantments, unstealthy
A: high mp 1
a: Evoke Flight


You were on level 6 of the Dungeon.
You were hungry.

You visited 1 branch of the dungeon, and saw 6 of its levels.

You collected 233 gold pieces.

Inventory:

Hand weapons
 a - a +2 dagger
 b - a +0 blowgun
 j - a +0 dagger of protection
 y - the +7 trident of Immorality {pierce, rF++}
   (You found it on level 4 of the Dungeon)

   It inflicts extra damage upon your enemies.
   It greatly protects you from fire.
 F - a +2 morningstar of draining (weapon)
Missiles
 e - 14 poisoned needles
 f - a curare-tipped needle
 A - 8 poisoned javelins
Armour
 c - a +0 robe
 d - a +0 cloak (worn)
 l - a +0 leather armour (worn)
 t - a +0 cloak (quivered)
Jewellery
 n - a ring of flight (right hand)
 o - a +5 ring of intelligence (left hand)
Magical devices
 x - a wand of cold (6)
Scrolls
 i - a scroll of blinking {unknown}
 p - 3 scrolls of remove curse {unknown}
 B - 2 scrolls of identify {unknown}
 C - 2 scrolls of enchant armour {unknown}
 D - 2 scrolls of noise {unknown}
 E - a scroll of amnesia {unknown}
Comestibles
 g - 4 bread rations
 s - 2 beef jerkies
 G - a slice of pizza


   Skills:
 + Level 4.6 Fighting
 - Level 2.0 Short Blades
 - Level 2.0 Throwing
 * Level 6.1 Dodging
 - Level 4.0 Stealth


You had 6 spell levels left.
You didn't know any spells.

Dungeon Overview and Level Annotations

Branches:
Dungeon (6/15)
 Temple: D:4-7

Altars:
Gozag
Nemelex Xobeh
Sif Muna

Shops:
D:4 %

Annotations:
D:3 Absynth's ghost, average DgTm
D:6 Edmund; Natasha


Innate Abilities, Weirdness & Mutations

You have an increased reservoir of magic (+10% MP).


Message History

* * * LOW HITPOINT WARNING * * *
Natasha casts a spell at you.
You feel yourself slow down.
You are feeling hungry.
The white imp gestures at you. The puff of frost misses you.
Something unseen opens the door.
Natasha casts a spell.
Edmund zaps a wand.
The puff of frost hits you!
* * * LOW HITPOINT WARNING * * *
Natasha casts a spell.
Edmund zaps a wand.
The puff of frost hits you!
* * * LOW HITPOINT WARNING * * *
You open the door.
Natasha mumbles some strange words.
The crimson imp sputters.
The crimson imp misses you.
Edmund says, "You wouldn't believe how much I paid for this flail."
Edmund zaps a wand.
The puff of frost hits you!
You die...

#........## #.........#
#.........# .
#.........# ...
#........####### ....#
#........##....##....'
####........'....#.....#
..##........#...5'.....#
....###.....#.h5@# ..###
###5.##....# ..#
#..##@.5.###. ..#
#.$........... ..#
#............. ..#
#.............. ..#
#............. ..#
#............ ..#
#..###+#####


You could see Edmund, an iron imp, Natasha, a crimson imp and a white imp.

Vanquished Creatures
  2 ogres (D:4)
  A necrophage (D:6)
  A water moccasin skeleton (D:6)
  A crimson imp (D:5)
  A hound (D:4)
  Crazy Yiuf (D:3)
  A worker ant (D:4)
  Terence (D:3)
  A worker ant zombie (D:6)
  2 adders
  A worm (D:4)
  An adder zombie (D:6)
  2 adder skeletons (D:4)
  4 orcs
  3 giant cockroaches
  4 hobgoblins
  3 quokkas
  3 bats
  A giant gecko (D:2)
  A giant gecko skeleton (D:4)
  2 giant newts
  5 goblins
  2 jackals (D:4)
  4 kobolds
  4 rats
52 creatures vanquished.

Notes
Turn   | Place    | Note
--------------------------------------------------------------
     0 | D:1      | timbw, the Human Assassin, began the quest for the Orb.
     0 | D:1      | Reached XP level 1. HP: 16/16 MP: 1/1
   100 | D:1      | Reached XP level 2. HP: 17/23 MP: 2/2
   325 | D:2      | Reached XP level 3. HP: 28/28 MP: 3/3
   448 | D:3      | Noticed Absynth's ghost (average DgTm)
   622 | D:3      | Noticed Crazy Yiuf
   638 | D:3      | Killed Crazy Yiuf
   638 | D:3      | Reached XP level 4. HP: 34/34 MP: 4/4
   667 | D:3      | Noticed Terence
   675 | D:3      | Killed Terence
   848 | D:4      | Found a deep blue altar of Sif Muna.
   896 | D:4      | Got a bloodstained trident
   897 | D:4      | Found Qacohiot's Food Shoppe.
   908 | D:4      | Found an opulent altar of Gozag.
   908 | D:4      | Found a sparkling altar of Nemelex Xobeh.
   909 | D:4      | Noticed an ogre
   937 | D:4      | Killed an ogre
   937 | D:4      | Reached XP level 5. HP: 39/41 MP: 5/5
   938 | D:4      | Identified the +7 trident of Immorality {pierce, rF++} (You found it on level 4 of the Dungeon)
  1013 | D:4      | Reached XP level 6. HP: 47/47 MP: 6/6
  1043 | D:4      | Noticed an ogre
  1063 | D:4      | Killed an ogre
  1063 | D:4      | Reached skill level 5 in Dodging
  1232 | D:5      | Entered Level 5 of the Dungeon
  1276 | D:5      | Reached XP level 7. HP: 52/54 MP: 7/7
  1483 | D:6      | Reached skill level 6 in Dodging
  1488 | D:6      | Gained mutation: You have an increased reservoir of magic (+10% MP). [potion of beneficial mutation]
  1532 | D:6      | Noticed Edmund
  1532 | D:6      | Noticed Natasha
  1580 | D:6      | Killed from afar by Edmund

Action                   |  1- 3 |  4- 6 |  7- 9 || total
-------------------------+-------+-------+-------++-------
Melee: Dagger            |   117 |    38 |       ||   155
       Trident           |       |    45 |    26 ||    71
       Morningstar       |       |       |     2 ||     2
 Fire: Blowgun           |     5 |    12 |     6 ||    23
  Use: Scroll            |       |     1 |       ||     1
       Potion            |       |       |     8 ||     8
 Stab: Sleeping          |       |     6 |     1 ||     7
  Eat: Chunk             |       |     1 |     1 ||     2
